 Dungeon Crawl Stone Soup version 0.28-a0-662-g1651b1f1e0 (webtiles) character file.

Game seed: 15982189559768087269

509 kae the Insei (level 6, -6/51 HPs)
             Began as a Draconian Transmuter on Oct 14, 2021.
             Killed from afar by a steam dragon (11 damage)
             ... with a ball of steam
             ... on level 4 of the Dungeon.
             The game lasted 00:03:02 (3541 turns).

kae the Insei (Draconian Transmuter)                Turns: 3541, Time: 00:03:02

Health: -6/51      AC:  2    Str: 12    XL:     6   Next: 98%
Magic:  7/9        EV: 19    Int: 15    God:
Gold:   91         SH:  0    Dex: 17    Spells: 1/9 levels left

rFire   . . .      SeeInvis .     - Unarmed
rCold   . . .      Faith    .   (shield currently unavailable)
rNeg    . . .      Spirit   .   (armour unavailable)
rPois   x          Reflect  .   (helmet currently unavailable)
rElec   .          Harm     .   (cloak currently unavailable)
rCorr   +          Rampage  .   (gloves currently unavailable)
Will    .....                   (boots currently unavailable)
Stlth   ++........              (no amulet)
HPRegen 0.17/turn               d - ring of resist corrosion
MPRegen 0.11/turn               (no ring)

@: spider-form (expiring)
A: venomous fangs, AC +6, tiny, unfitting armour, (cold-blooded)
a: End Transformation


You were on level 4 of the Dungeon.
You were a venomous arachnid creature.
You visited 1 branch of the dungeon, and saw 4 of its levels.

You collected 91 gold pieces.

Inventory:

Hand Weapons
 b - a +1 spear (melded)
Armour
 c - a +0 cloak (melded)
Jewellery
 d - a ring of resist corrosion (left front leg)
 m - a ring of ice
 n - an amulet of guardian spirit
Wands
 e - a wand of acid (9)
 k - a wand of polymorph (4)
Scrolls
 h - a scroll of fear
 i - a scroll of enchant armour {unknown}
 j - a scroll of blinking
Potions
 a - 2 potions of mutation
 f - a potion of brilliance {unknown}
 g - 2 potions of flight
 l - a potion of lignification {unknown}


   Skills:
 + Level 3.6 Fighting
 - Level 1.7 Dodging
 * Level 5.7 Unarmed Combat
 - Level 2.0 Spellcasting
 + Level 3.8 Transmutations
 * Level 0.0 Ice Magic
 - Level 2.5 Poison Magic


You had one spell level left.
You knew the following spells:

 Your Spells              Type           Power      Damage    Failure   Level
a - Beastly Appendage     Tmut           24%        N/A       14%         1
b - Spider Form           Tmut/Pois      5%         N/A       38%         3
c - Ice Form              Ice/Tmut       7%         N/A       87%         4

Your spell library contained the following spells:

 Spells                   Type           Power      Damage    Failure   Level
 Wereblood                Tmut           12%        N/A       19%         2


Dungeon Overview and Level Annotations

Branches:
Dungeon (4/15)
 Temple: D:4-7

Altars:
Elyvilon
Hepliaklqana

Shops:
D:4 *


Innate Abilities, Weirdness & Mutations

You are a venomous arachnid creature.
You have poisonous fangs.
You are tiny and dextrous.
Your spellcasting is less reliable in this form.
Your armour is entirely melded.
You are incapable of wielding weapons or throwing items.
((Your plain brown scales are hard. (AC +6)))
You cannot fit into any form of body armour.
((You are cold-blooded and may be slowed by cold attacks.))


Message History

A steam dragon comes into view.
The steam dragon hisses angrily.
The steam dragon breathes steam at you.
The ball of steam hits you but does no damage.
The steam dragon moves out of view.
You're standing in a cloud of steam!
Casting: Beastly Appendage (safe; 4% risk of failure)
Confirm with . or Enter, or press ? or * to list all spells.
You turn into a venomous arachnid creature.
Your +1 spear melds into your body.
Your +0 cloak melds into your body.
An iguana and a quokka come into view.
The iguana hisses angrily.
You hit the steam dragon.
The steam dragon is lightly wounded.
The steam dragon misses you. The steam dragon claws you.
You hit the steam dragon but do no damage.
The steam dragon is poisoned.
The steam dragon is lightly wounded.
The steam dragon misses you. The steam dragon barely misses you.
You hit the steam dragon.
The steam dragon is moderately wounded.
The steam dragon closely misses you. The steam dragon claws you.
You hit the steam dragon.
The steam dragon looks even sicker.
The steam dragon is heavily wounded.
The steam dragon bites you. The steam dragon barely misses you.
You bite the steam dragon!
The steam dragon looks as sick as possible!
The steam dragon is severely wounded.
The steam dragon breathes steam at you. The ball of steam hits you!!
* * * LOW HITPOINT WARNING * * *
You are engulfed in a cloud of scalding steam.
* * * LOW HITPOINT WARNING * * *
Your transformation is almost over.
You hit the steam dragon.
The steam dragon looks as sick as possible!
The steam dragon is almost dead.
The steam dragon breathes steam at you. The ball of steam hits you!
You die...

#####
#####...##############
........'............+
....#...########.#####
#.......# #s§§§#
#.......# #D§§§#
#.......# #..§§#
#.....### #r####
#.....# #l# ####+##
... .... .....D
.......


You could see a steam dragon (extremely poisoned, catching breath), an iguana
and a quokka.

Vanquished Creatures
  Sigmund (D:2)
  Menkaure (D:4)
  An ogre (D:4)
  Robin (D:2)
  8 adders
  An adder skeleton (D:4)
  A worm (D:3)
  3 dart slugs
  5 bats
  2 endoplasms
  3 giant cockroaches
  13 goblins
  7 hobgoblins
  6 jackals
  8 ball pythons
  4 frilled lizards
  2 kobolds
  4 rats
71 creatures vanquished.

Notes
Turn   | Place    | Note
-------+----------+-------------------------------------------
     0 | D:1      | kae the Draconian Transmuter began the quest for the Orb.
     0 | D:1      | Reached XP level 1. HP: 16/16 MP: 3/3
   224 | D:1      | Reached XP level 2. HP: 10/23 MP: 3/5
   362 | D:1      | Found a faded altar of an unknown god.
   656 | D:2      | Found a white marble altar of Elyvilon.
   661 | D:2      | Reached XP level 3. HP: 29/29 MP: 4/6
   665 | D:2      | Learned a level 3 spell: Spider Form
   997 | D:2      | Noticed Sigmund
  1005 | D:2      | HP: 1/29 [poisoned by miscasting Spider Form]
  1723 | D:2      | Noticed Robin
  1732 | D:2      | Killed Robin
  1733 | D:2      | Reached skill level 4 in Unarmed Combat
  1733 | D:2      | Reached skill level 1 in Poison Magic
  1733 | D:2      | Reached XP level 4. HP: 35/36 MP: 3/7
  2263 | D:3      | Found a hazy altar of Hepliaklqana.
  2346 | D:3      | Reached XP level 5. HP: 27/42 MP: 8/8
  2859 | D:2      | Killed Sigmund
  2860 | D:2      | Reached skill level 5 in Unarmed Combat
  2860 | D:2      | Reached XP level 6. HP: 15/51 MP: 6/9
  3145 | D:4      | Found Timuloat's General Store.
  3301 | D:4      | Noticed Menkaure
  3311 | D:4      | Killed Menkaure
  3470 | D:4      | Learned a level 4 spell: Ice Form
  3529 | D:4      | Noticed a steam dragon
  3541 | D:4      | Killed from afar by a steam dragon

Illustrated notes

Levels and vault maps discovered:
D:1:      minmay_arrival_wavy_path, layout_rooms,
          hellmonk_ecumenical_altar_leap_of_faith
D:2:      layout_basic, basic_altar, minmay_pentomino_pile, uniq_robin,
          uniq_sigmund
D:3:      layout_loops_ring, worldfamousw_hep_ancestral_shrine
D:4:      layout_basic, amcnicky_altar_gilded, serial_shops,
          nicolae_take_the_stairs, uniq_menkaure

Skill      XL: |  1  2  3  4  5 |
---------------+----------------+-----
Fighting       | 2 3 |  3.6
Unarmed Combat | 4 5 |  5.7
Poison Magic   | 1 2 |  2.5
Transmutations | 3 |  3.8
Dodging        | |  1.7
Spellcasting   | |  2.0

Action                   |  1- 3 |  4- 6 || total
-------------------------+-------+-------++-------
Melee: Spear             |    88 |    73 ||   161
       Tailslap          |     5 |     7 ||    12
       Kick              |    11 |     8 ||    19
       Headbutt          |     5 |     5 ||    10
       Unarmed           |     8 |    34 ||    42
       Punch             |     2 |       ||     2
 Cast: Beastly Appendage |    22 |    16 ||    38
       Spider Form       |     1 |     4 ||     5
  Use: Scroll            |     7 |     3 ||    10
       Potion            |     2 |       ||     2
 Stab: Sleeping          |       |     1 ||     1
Armor: Skin              |    27 |    28 ||    55
Dodge: Dodged            |    78 |    54 ||   132

Table legend: (Time is in decaauts)
 A = Elapsed time spent in this place.
 B = Non-inter-level travel time spent in this place.
 C = Inter-level travel time spent in this place.
 D = Time resting spent in this place.
 E = Time spent auto-exploring this place.
 F = Levels seen in this place.
 G = Mean time per level.
                   A        B        C        D        E       F      G
               +--------+--------+--------+--------+--------+-----+--------+
         Total |   3553 |   3381 |    172 |    453 |   2361 |   4 |  888.2 |
       Dungeon |   3553 |   3381 |    172 |    453 |   2361 |   4 |  888.2 |
               +--------+--------+--------+--------+--------+-----+--------+

Top non-repeatable levels by time:
     D:2: 1575 daAuts
     D:3: 1007 daAuts
     D:1: 570 daAuts
     D:4: 399 daAuts
